 Dungeon Crawl Stone Soup version 0.32-a0-128-g77eb882913 (webtiles) character file.

Game seed: 7522547282530383603

1863088 hikkokomori the Slayer (level 27, 256/256 HPs)
             Began as a Formicid Fighter on Feb 7, 2024.
             Was an Elder of Okawaru.
             Escaped with the Orb
             ... and 3 runes
             ... and 1 gem!
             The game lasted 02:15:48 (67725 turns).

hikkokomori the Slayer (Formicid Fighter)          Turns: 67725, Time: 02:15:49

Health: 256/256    AC: 36    Str: 28    XL:     27
Magic:  45/47      EV: 36    Int:  8    God:    Okawaru [****..]
Gold:   10209      SH: 36    Dex: 23    Spells: 42/57 levels left

rFire   + + .        p - +8 demon trident "Rift" {distort, reach+}
rCold   + + .        v - +2 tower shield
rNeg    . . .        M - +7 gold dragon scales
rPois   +            (helmet unavailable)
rElec   .            L - scarf {repulsion}
rCorr   .            a - +0 pair of gloves "Esaiff" {-Tele Rampage rC+ Dex+6}
SInv    +            U - +2 pair of boots of Marbles {Harm Fly MP+9 Int-3}
Will    ++...        N - amulet of reflection Stlth
                     X - ring of the Hare {EV+10}
HPRegen 0.62/turn    G - ring of the Octopus King {rF+ HP+2 AC+2 EV+2 SH+2}
MPRegen 0.30/turn

%: harm (+30% outgoing, +20% incoming), repel missiles, reflection, clarity,
rampage
@: heroic, flying
A: permanent stasis, dig shafts and tunnels, antennae 3, four strong arms,
clarity, deformed body, low MP 1, mutation resistance 1, robust 1, inhibited
regeneration, inability to read after injury 1
0: Orb of Zot
}: 3/15 runes: decaying, silver, gossamer
a: Dig, Shaft Self, Renounce Religion, Heroism, Finesse


You escaped.
You worshipped Okawaru.
Okawaru was greatly pleased with you.
You visited 12 branches of the dungeon, and saw 52 of its levels.
You visited the Abyss 1 time.
You visited 1 bazaar.
You also visited: Ossuary, Bailey, Ice Cave and Wizlab.

You collected 13901 gold pieces.
You spent 3692 gold pieces at shops.

Inventory:

Hand Weapons
 p - the +8 demon trident "Rift" (weapon) {distort, reach+}
   (You found it on level 3 of the Dungeon)
Missiles
 x - 4 throwing nets
 H - 30 javelins
 K - 10 curare-tipped darts
Armour
 a - the +0 pair of gloves "Esaiff" (worn) {-Tele Rampage rC+ Dex+6}
   (You acquired it on level 2 of the Orcish Mines)

   Dex+6:     It affects your dexterity (+6).
   rC+:       It protects you from cold.
   -Tele:     It prevents most forms of teleportation.
   Rampage:   It bestows one free step when moving towards enemies.
 b - a +2 kite shield of positive energy
 i - a scarf of resistance
 v - a +2 tower shield (worn)
 L - a scarf of repulsion (worn)
 M - +7 gold dragon scales (worn)
 T - the +5 moon troll leather armour {Spirit, Regen++ MP+5}
   (You took it off a moon troll in a wizard's laboratory)

   MP+5:      It affects your magic capacity (+5).
   Regen++:   It increases your rate of health regeneration.
 U - the +2 pair of boots of Marbles (worn) {Harm Fly MP+9 Int-3}
   (Okawaru gifted it to you on level 1 of the Lair of Beasts)

   Int-3:     It affects your intelligence (-3).
   MP+9:      It affects your magic capacity (+9).
   Fly:       It grants you flight.
   Harm:      It increases damage dealt and taken.
Jewellery
 D - a ring of willpower
 G - a ring of the Octopus King (right hand) {rF+ HP+2 AC+2 EV+2 SH+2}
   (You took it off a deep elf death mage on level 3 of the Elven Halls)

   [ring of protection from fire]

   AC+2:      It affects your AC (+2).
   EV+2:      It affects your evasion (+2).
   rF+:       It protects you from fire.
   HP+2:      It affects your health (+2).
   SH+2:      It affects your SH (+2).
 N - an amulet of reflection (around neck)
 X - the ring of the Hare (left hand) {EV+10}
   (You took it off a deep elf death mage on level 5 of the Vaults)

   [ring of evasion]

   EV+10:     It affects your evasion (+10).
 Y - the ring "Estitiko" {rC+ Will+ Str+6 Int+3 SInv}
   (You took it off a deep elf demonologist on level 3 of the Elven Halls)

   [ring of strength]

   Str+6:     It affects your strength (+6).
   Int+3:     It affects your intelligence (+3).
   rC+:       It protects you from cold.
   Will+:     It increases your willpower.
   SInv:      It lets you see invisible.
Wands
 l - a wand of digging (26)
 n - a wand of paralysis (61)
 y - a wand of iceblast (43)
 C - a wand of flame (98)
 J - a wand of polymorph (25)
 V - a wand of mindburst (40)
 W - a wand of light (24)
Scrolls
 e - 13 scrolls of amnesia
 j - 7 scrolls of poison
 k - 11 scrolls of fear
 m - 8 scrolls of vulnerability
 q - 5 scrolls of noise
 r - 8 scrolls of immolation
 s - 4 scrolls of silence
 t - 12 scrolls of enchant weapon
 w - 7 scrolls of fog
 z - a scroll of acquirement
 Z - 7 scrolls of revelation
Potions
 d - 11 potions of might
 f - 9 potions of brilliance
 g - 9 potions of mutation
 h - 17 potions of heal wounds
 o - 5 potions of invisibility
 u - 6 potions of resistance
 A - 13 potions of lignification
 B - 4 potions of cancellation
 E - 8 potions of enlightenment
 F - 6 potions of magic
 P - 22 potions of curing
 Q - 11 potions of attraction
Miscellaneous
 c - a tin of tremorstones (2/2)
 O - a lightning rod (4/4)
 S - a phial of floods


   Skills:
 - Level 22.0(27) Fighting
 - Level 4.1(19.9) Axes
 - Level 21.8(27) Polearms
 - Level 6.1(11.1) Throwing
 - Level 22.0(27) Armour
 - Level 22.0(27) Dodging
 + Level 11.7(16.7) Stealth
 - Level 22.0(27) Shields
 + Level 15.9 Spellcasting
 - Level 4.1 Summonings
 - Level 11.3 Necromancy
 - Level 16.5 Invocations
 + Level 16.8 Evocations


You had 42 spell levels left.
You knew the following spells:

 Your Spells              Type           Power      Damage    Failure   Level
a - Fugue of the Fallen   Necr           24%        N/A       1%          3
b - Freezing Cloud        Conj/Ice/Air   3%         6-21      100%        5
c - Enfeeble              Hex            3%         N/A       100%        7

Your spell library contained the following spells:

 Spells                   Type           Power      Damage    Failure   Level
 Necrotise                Necr           96%        1d8       1%          1
 Vampiric Draining        Necr           24%        2d7       1%          3
 Curse of Agony           Necr           24%        N/A       13%         5
 Anguish                  Hex/Necr       7%         N/A       43%         4
 Freeze                   Ice            24%        1d4       45%         1
 Sandblast                Erth           12%        2d6       45%         1
 Sting                    Conj/Alch      24%        1d4       45%         1
 Ensorcelled Hibernation  Hex/Ice        12%        N/A       58%         2
 Jinxbite                 Hex            12%        N/A       58%         2
 Lesser Beckoning         Tloc           12%        N/A       58%         2
 Mercury Vapours          Alch/Air       12%        N/A       58%         2
 Momentum Strike          Conj/Tloc      12%        3d8       58%         2
 Static Discharge         Conj/Air       12%        3-4/arc   58%         2
 Frozen Ramparts          Ice            12%        1d2       83%         3
 Gell's Gravitas          Tloc           6%         N/A       83%         3
 Hailstorm                Conj/Ice       6%         3d5       83%         3
 Inner Flame              Hex/Fire       6%         N/A       83%         3
 Mephitic Cloud           Conj/Alch/Air  6%         N/A       83%         3
 Ozocubu's Armour         Ice            6%         N/A       83%         3
 Passwall                 Erth           6%         N/A       83%         3
 Stone Arrow              Conj/Erth      12%        3d7       83%         3
 Teleport Other           Tloc           6%         N/A       83%         3
 Volatile Blastmotes      Fire/Tloc      12%        2d11      83%         3
 Airstrike                Air            3%         2d(1-17)  99%         4
 Brom's Barrelling Bould  Conj/Erth      6%         2d3       99%         4
 Cause Fear               Hex            3%         N/A       99%         4
 Dimensional Bullseye     Hex/Tloc       3%         N/A       99%         4
 Flame Wave               Conj/Fire      6%         2d5       99%         4
 Fulminant Prism          Conj/Alch      3%         3d5       99%         4
 Ignite Poison            Fire/Alch      6%         N/A       99%         4
 Iskenderun's Mystic Bla  Conj/Tloc      6%         2d4       99%         4
 Manifold Assault         Tloc           6%         N/A       99%         4
 Olgreb's Toxic Radiance  Alch           6%         N/A       99%         4
 Passage of Golubria      Tloc           6%         N/A       99%         4
 Sticky Flame             Fire/Alch      6%         2d4       99%         4
 Alistair's Intoxication  Alch           4%         N/A       100%        5
 Arcjolt                  Conj/Air       3%         1d13      100%        5
 Irradiate                Conj/Alch      3%         3d12      100%        5
 Iskenderun's Battlesphe  Conj           6%         2d6       100%        5
 Lee's Rapid Deconstruct  Erth           3%         3d5*      100%        5
 Metabolic Englaciation   Hex/Ice        3%         N/A       100%        5
 Yara's Violent Unravell  Hex/Alch       3%         3d4       100%        5
 Bombard                  Conj/Erth      3%         9d1       100%        6
 Dispersal                Tloc           3%         N/A       100%        6
 Plasma Beam              Fire/Air       3%         2x1d13    100%        6
 Orb of Destruction       Conj           3%         9d5       100%        7
 Borgnjor's Revivificati  Necr           12%        N/A       100%        8
 Discord                  Hex            3%         N/A       100%        8
 Disjunction              Tloc           3%         N/A       100%        8
 Ignition                 Fire           3%         3d4       100%        8
 Lehudib's Crystal Spear  Conj/Erth      3%         10d2      100%        8
 Death's Door             Necr           12%        N/A       100%        9
 Shatter                  Erth           3%         3d7*      100%        9
 Summon Small Mammal      Summ           Unusable   N/A       N/A         1
 Call Imp                 Summ           Unusable   N/A       N/A         2
 Martyr's Knell           Necr/Summ      Unusable   N/A       N/A         4
 Call Canine Familiar     Summ           Unusable   N/A       N/A         3
 Summon Ice Beast         Ice/Summ       Unusable   N/A       N/A         3
 Blink                    Tloc           Unusable   N/A       N/A         2
 Tukima's Dance           Hex            Unusable   N/A       N/A         3
 Animate Armour           Summ/Erth      Unusable   N/A       N/A         4
 Summon Blazeheart Golem  Fire/Summ      Unusable   N/A       N/A         4
 Summon Lightning Spire   Summ/Air       Unusable   N/A       N/A         4
 Vhi's Electric Charge    Tloc/Air       Unusable   N/A       N/A         4
 Sculpt Simulacrum        Ice/Alch       Unusable   N/A       N/A         6
 Haunt                    Necr/Summ      Unusable   N/A       N/A         7
 Monstrous Menagerie      Summ           Unusable   N/A       N/A         7
 Spellforged Servitor     Conj/Summ      Unusable   N/A       N/A         7

Dungeon Overview and Level Annotations

Branches:
Dungeon (15/15)            Temple (1/1) D:6            Lair (5/5) D:11
  Swamp (4/4) Lair:3       Spider (4/4) Lair:2        Slime (0/5) Lair:4
    Orc (2/2) D:12            Elf (3/3) Orc:2        Vaults (5/5) D:14
  Crypt (3/3) Vaults:2       Tomb (1/3) Crypt:3      Depths (4/4) D:15
    Zot (5/5) Depths:4    Ossuary (visited)          Bailey (visited)
  IceCv (visited)          WizLab (visited)

Altars:
Ashenzari
Cheibriados
Dithmenos
Elyvilon
Fedhas
Gozag
Hepliaklqana
Kikubaaqudgha
Makhleb
Nemelex Xobeh
Okawaru
Qazlal
Ru
Sif Muna
Trog
Uskayaw
Vehumet
Wu Jian
Xom
Yredelemnul
Zin
The Shining One

Shops:
D:11 *   Orc:2 [(=*   Elf:1 [   Elf:2 *   Vaults:4 ?*[:

Portals:
Hell: Depths:1 Depths:2 Depths:3 Depths:4
Abyss: Depths:3
Pandemonium: Depths:2
Ziggurat: Depths:3
Trove: Elf:3 (give 2 scrolls of acquirement)

Annotations:
Spider:1 2 transporters, SirDiesAlot's ghost, adept OpAE
Abyss:1 Agnes; Frances; Roxanne; Sojobo; knightboat's ghost, journeyman OnFE


Innate Abilities, Weirdness & Mutations

You cannot be hasted, slowed, berserked, paralysed or teleported.
You can dig through walls and to a lower floor.
You have a pair of large antennae on your head. (SInv)
Your four strong arms can wield two-handed weapons with a shield.
You possess an exceptional clarity of mind.
Armour fits poorly on your strangely shaped body.
Your magical capacity is low. (-10% MP)
You are somewhat resistant to further mutation.
You are robust. (+10% HP)
You do not regenerate when monsters are visible.
You occasionally lose the ability to read scrolls when taking damage.


Message History

Space warps horribly around the glowing orange brain!
You kill the glowing orange brain!
Okawaru accepts your kill.
No target in view!
No target in view!
No target in view!
No target in view!
No target in view!
No target in view!
No target in view!
No target in view!
No target in view!
No target in view!
No target in view!
What level of the Dungeon? (default 1, ? - help) HP restored.
There is a stone staircase leading up here.
You fly upwards.
There is a stone staircase leading down here.
There is a stone staircase leading up here.
You fly upwards.
There is a stone staircase leading down here.
Magic restored.
There is a stone staircase leading up here.
You fly upwards.
There is a stone staircase leading down here.
You see here a +0 mace.
There is a stone staircase leading up here.
You fly upwards.
There is a stone staircase leading down here.
What level of the Dungeon? (default 1, ? - help) You're already here!
There is an open door here.
You see here a +0 robe.
There is an open door here.
There is a staircase leading out of the dungeon here.
There is a staircase leading out of the dungeon here.
You gain the combat prowess of a mighty hero.
You can't go down here!
You have escaped!

#.#.####### #.#
####.#.#.....####.#
#....#...###...##.## #####
#.######...##..##..### #....
#....#.....##..##....# #.###
####.#.#.##..##..###.######.###
#.#.#.##..##..##............
#...#...##..##..#.######.##.
##.##...##.@##..#.# ##.##.
#.#####..##..###.# #..... #.#
###..##..##..# #..... #.#
#..##..##..### #.###) #.#
#..##..##..## #.##..
#.#########.....## #.##.#
#.#.## ##.......## #..#.#
#....####.........####.....
#.......'.........'........


There were no monsters in sight!

Vanquished Creatures
  Frederick (Vaults:5)
  5 dread liches (Vaults:5)
  3 ancient liches
  2 orbs of fire
  Mara (Vaults:3)
  A royal mummy (Tomb:1)
  The ghost of Civybe Ogenn the Slayer, a legendary DsFi of Qazlal (Zot:3)
  2 pandemonium lords
  8 Killer Klowns
  Margery (Arena)
  6 curse toes
  A caustic shrike (Depths:3)
  the Enchantress (Depths:4)
  7 golden dragons
  2 bone dragons
  Arachne (Spider:2)
  A Brimstone Fiend (Zot:3)
  3 electric golems
  A Tzitzimitl (Zot:5)
  15 tentacled monstrosities
  Jorgrun (Spider:1)
  A moon troll (WizLab)
  6 liches
  Zenata (Elf:3)
  A walking crystal tome (Depths:3)
  3 deep elf blademasters
  27 Orb Guardians
  An Ice Fiend (D:7)
  10 quicksilver dragons
  4 titans
  A shard shrike skeleton (Crypt:1)
  9 tentacled starspawn
  A deep elf master archer (Elf:1)
  2 ancient champions (Crypt:2)
  8 sphinxes
  5 death cobs
  Gastronok (Lair:2)
  12 storm dragons
  2 revenants
  7 tengu reavers
  Aizul (Spider:3)
  A fenstrider witch (Swamp:2)
  7 shadow dragons
  6 protean progenitors
  A draconian monk (Zot:3)
  10 fire giants
  An iron dragon (Depths:3)
  3 deep elf sorcerers
  8 draconian shifters
  3 emperor scorpions (Spider:4)
  A draconian knight (Zot:3)
  8 frost giants
  7 deep elf elementalists
  A balrug (Zot:5)
  6 draconian scorchers
  A ghoul (Crypt:2)
  5 cacodemons
  20 vault wardens
  4 orc warlords
  2 broodmothers (Spider:4)
  A curse skull (Crypt:2)
  An angel (Zot:1)
  3 spriggan defenders (Depths:4)
  6 draconian annihilators
  7 ghost moths
  A caustic shrike skeleton (Crypt:3)
  4 reapers
  26 ironbound preservers
  6 ironbound thunderhulks
  3 formless jellyfish
  4 draconian stormcallers
  25 very ugly things
  20 stone giants
  6 deep elf demonologists
  6 deep elf death magi
  11 deep elf annihilators
  Nessos (D:12)
  12 green draconians
  3 eleionomae
  5 bunyips
  9 white draconians
  27 purple draconians
  3 vampire knights
  7 black draconians
  10 spark wasps
  4 war gargoyles (Crypt:3)
  2 dire elephants (Vaults:1)
  12 red draconians
  9 yellow draconians
  5 crystal guardians
  Josephine (D:11)
  8 jiangshi
  8 ettins
  A blizzard demon (Depths:3)
  9 fire dragons
  7 mummy priests
  8 yaktaur captains
  An eidolon (Crypt:2)
  2 deep elf high priests
  30 vault guards
  8 entropy weavers
  7 great orbs of eyes
  2 rakshasas
  3 ice dragons
  4 spriggan air magi
  A radroach (Spider:1)
  2 ghost crabs
  7 centaur warriors
  A sphinx zombie (Vaults:5)
  A juggernaut simulacrum (Depths:1)
  3 spriggan skeletons
  13 alligators
  6 jorogumos
  2 ogre magi
  A death knight (Abyss:2)
  23 hydras
  5 death yaks (IceCv)
  12 ironbound frosthearts
  4 boulder beetles
  6 tengu warriors
  Erica (Orc:1)
  4 two-headed ogres
  A sphinx skeleton (Depths:2)
  28 dancing weapons
  3 occultists (Depths:2)
  11 death scarabs
  11 deep troll earth magi
  2 spectral emperor scorpions (Spider:4)
  5 demonic crawlers
  12 deep troll shamans
  6 spriggan berserkers
  Urug (D:12)
  17 hell knights
  7 vampire magi
  3 titan zombies
  4 soul eaters
  7 orc high priests
  7 iron trolls
  16 deep elf knights
  A fire crab (Lair:5)
  A salamander mystic (Depths:2)
  A sixfirhy (D:13)
  2 skysharks
  A shadow wraith (Vaults:5)
  40 skeletal warriors
  An orange crystal statue (WizLab)
  6 goliath frogs
  10 pharaoh ants
  7 arcanists
  A bunyip zombie (Crypt:2)
  2 obsidian statues
  6 spriggan druids
  An elf simulacrum (Crypt:2)
  A glowing orange brain (shapeshifter) (Vaults:5)
  A sun moth (Spider:1)
  101 deep trolls
  11 swamp dragons
  7 orb spiders
  11 glowing orange brains
  6 lindwurms (Vaults:2)
  4 steelbarb worms
  4 deep elf archers
  6 flayed ghosts
  A bunyip skeleton (Crypt:2)
  15 orc knights
  22 ironbound convokers
  2 bog bodies (Swamp:1)
  An anaconda skeleton (Crypt:3)
  17 necromancers
  21 deep elf pyromancers
  20 deep elf zephyrmancers
  2 harpies (Vaults:2)
  3 phantasmal warriors
  A spectral wolf spider (Spider:4)
  A lindwurm (shapeshifter) (Vaults:5)
  2 golden dragon skeletons
  42 ugly things
  11 wolf spiders
  5 orc sorcerers
  A fire giant zombie (Vaults:5)
  3 salamanders
  A frost giant zombie (Depths:2)
  6 manticores
  4 will-o-the-wisps
  A stone giant skeleton (Crypt:2)
  32 moths of wrath
  3 cyclopes
  A toenail golem (Depths:4)
  2 meliai (Spider:1)
  13 elephants
  6 black mambas
  A kobold blastminer (Orc:2)
  2 human skeletons
  An ice statue (IceCv)
  An elf zombie (Vaults:5)
  9 apocalypse crabs (Zot:2)
  18 vault sentinels
  A rust devil (Depths:3)
  A meliai (shapeshifter) (Vaults:5)
  3 eyes of devastation (WizLab)
  A titan simulacrum (Crypt:1)
  2 torpor snails
  Jeremiah (D:9)
  A gargoyle (D:12)
  3 orange demons
  4 smoke demons
  A centaur skeleton (Crypt:1)
  2 unseen horrors
  A yaktaur (shapeshifter) (Depths:1)
  An unseen horror (shapeshifter) (D:15)
  4 spectral redbacks (Spider:4)
  45 yaktaurs
  7 kobold demonologists
  A minotaur zombie (Crypt:1)
  12 cane toads
  A steelbarb worm zombie (Crypt:1)
  10 komodo dragons
  9 rime drakes
  5 tengu conjurers
  2 ice devils (D:13)
  6 freezing wraiths
  3 harpy zombies (Tomb:1)
  2 redback zombies (Spider:4)
  A yaktaur skeleton (Vaults:5)
  10 polar bears
  A red devil (Zot:2)
  A catoblepas skeleton (Crypt:2)
  7 guardian mummies (Tomb:1)
  7 hellwings
  8 trolls
  2 spectral jumping spiders (Spider:4)
  3 harpy skeletons (Crypt:2)
  5 bloated husks
  4 spectral tarantellas (Spider:4)
  13 tyrant leeches
  2 tarantella zombies (Spider:4)
  6 blink frogs
  19 slime creatures
  2 spectral culicivoras (Spider:4)
  12 hornets
  23 tarantellas
  A satyr zombie (Crypt:1)
  7 dream sheep
  A shadow dragon simulacrum (Vaults:5)
  A fire dragon zombie (Crypt:3)
  A stone giant simulacrum (Depths:1)
  16 jumping spiders
  A hydra skeleton (Crypt:1)
  23 culicivoras
  A centaur simulacrum (D:13)
  A satyr skeleton (Crypt:1)
  24 spriggans
  Sigmund (D:6)
  A shadow (D:12)
  4 ushabtiu (Tomb:1)
  7 wraiths
  53 yaks
  2 ynoxinuls (Depths:3)
  An ettin skeleton (Crypt:3)
  11 water elementals
  5 wyverns
  A black mamba skeleton (Crypt:3)
  7 fire bats (Depths:2)
  5 air elementals
  A tyrant leech zombie (Crypt:1)
  6 golden eyes (WizLab)
  4 basilisks
  2 fire elementals
  2 neqoxecs
  5 wargs
  67 redbacks
  4 steam dragons
  9 vampire mosquitoes
  A warg (shapeshifter) (Vaults:5)
  A glowing shapeshifter zombie (Vaults:5)
  12 swamp worms
  An acid dragon (D:10)
  A two-headed ogre zombie (Crypt:3)
  18 water moccasins
  8 swamp drakes
  A glowing shapeshifter skeleton (Vaults:5)
  A naga skeleton (Crypt:3)
  2 meliai simulacra
  44 orc warriors
  A sky beast (D:4)
  7 black bears
  36 laughing skulls
  4 ice beasts
  A small abomination (D:13)
  3 boggarts (Lair:5)
  55 wolves
  16 centaurs
  7 ogres
  A phantom (D:4)
  9 kobold brigands
  9 bullfrogs
  3 earth elementals
  A salamander skeleton (Crypt:2)
  3 necrophages (Crypt:3)
  A warg zombie (Crypt:2)
  4 scorpions
  Blork the orc (D:6)
  8 wights
  A hornet simulacrum (D:13)
  Dowan (D:6)
  A swamp dragon simulacrum (Crypt:2)
  26 killer bees
  5 electric eels
  A howler monkey (D:9)
  A lava snake (D:13)
  2 bombardier beetles
  3 centaur zombies
  3 hounds
  3 jellies
  13 orc priests
  A gnoll bouda (D:7)
  3 sleepcaps (D:6)
  3 human zombies
  12 orc wizards
  2 iguanas
  A scorpion zombie (D:8)
  A killer bee zombie (D:8)
  A sky beast zombie (Crypt:1)
  An ogre zombie (D:8)
  An ice beast zombie (Crypt:2)
  6 hound zombies (D:8)
  An acid dragon skeleton (Crypt:2)
  21 mummies
  8 gnolls
  2 howler monkey zombies (D:8)
  9 adders
  A shadow imp (D:6)
  3 white imps
  2 ufetubi (D:6)
  6 dart slugs
  2 ribbon worms
  63 orcs
  5 ball pythons
  6 endoplasms
  4 giant cockroaches
  A gnoll zombie (Ossuary)
  5 hobgoblins
  10 jackals
  5 quokkas
  A river rat zombie (Crypt:1)
  3 bats
  3 frilled lizards
  13 goblins
  A hobgoblin zombie (Ossuary)
  A jackal skeleton (Crypt:2)
  16 kobolds
  3 kobold zombies (Ossuary)
  4 orc zombies
  2 rats
  12 starspawn tentacles
2431 creatures vanquished.

Vanquished Creatures (others)
  Mlioglotl (Spider:4)
  An ice dragon (Depths:2)
  A soul eater (Depths:3)
  2 bloated husks (Swamp:3)
  A slime creature (Vaults:4)
  A culicivora (Abyss:2)
  A chaos spawn (Zot:5)
  4 foxfires (Swamp:2)
  14 starspawn tentacles
26 creatures vanquished.

Grand Total: 2457 creatures vanquished

Notes
Turn   | Place    | Note
-------+----------+-------------------------------------------
     0 | D:1      | hikkokomori the Formicid Fighter began the quest for the
                  | Orb.
     0 | D:1      | Reached XP level 1. HP: 18/18 MP: 1/1
    52 | D:1      | Got the Atlas of Death and Venin
   301 | D:1      | Reached XP level 2. HP: 24/24 MP: 2/2
   879 | D:2      | Reached XP level 3. HP: 29/29 MP: 3/3
   909 | D:2      | Reached skill level 5 in Shields
   974 | D:2      | Reached XP level 4. HP: 30/35 MP: 4/4
  1794 | D:3      | Found the +8 demon trident "Rift" {distort, reach+}
  1819 | D:3      | Reached XP level 5. HP: 26/42 MP: 5/5
  1830 | D:3      | Learned a level 3 spell: Call Canine Familiar
  2235 | D:3      | Reached skill level 1 in Polearms
  2482 | D:4      | Reached skill level 1 in Spellcasting
  2482 | D:4      | Reached XP level 6. HP: 48/48 MP: 5/8
  2527 | D:4      | Found an ornate altar of the Wu Jian Council.
  2528 | D:4      | Found a shimmering blue altar of Sif Muna.
  2567 | D:4      | Noticed a sky beast
  2574 | D:4      | Killed a sky beast
  2600 | D:4      | Reached XP level 7. HP: 54/54 MP: 9/11
  3208 | D:5      | Entered Level 5 of the Dungeon
  3491 | D:5      | Reached skill level 1 in Summonings
  3491 | D:5      | Reached XP level 8. HP: 13/60 MP: 14/14
  4234 | D:6      | Found a sand-covered staircase.
  4245 | Ossuary  | Entered an ossuary
  4256 | Ossuary  | Reached skill level 5 in Polearms
  4671 | D:6      | Found a staircase to the Ecumenical Temple.
  4715 | Temple   | Entered the Ecumenical Temple
  4739 | Temple   | Became a worshipper of Warmaster Okawaru
  4771 | D:6      | Noticed Blork the orc
  4774 | D:6      | Killed Blork the orc
  4871 | D:6      | Found a shimmering altar of Xom.
  5092 | D:6      | Noticed Duvessa
  5092 | D:6      | Noticed Dowan
  5103 | D:6      | Banished Duvessa
  5104 | D:6      | Reached XP level 9. HP: 66/66 MP: 15/15
  5108 | D:6      | Killed Dowan
  5217 | D:6      | Reached skill level 5 in Fighting
  5340 | D:6      | Noticed Sigmund
  5350 | D:6      | Reached skill level 1 in Invocations
  5350 | D:6      | Killed Sigmund
  5350 | D:6      | Reached * piety under Okawaru
  5498 | D:7      | Identified the +7 rapier of Voxtuunn {elec, rElec Dex+3}
  5511 | D:7      | Reached skill level 1 in Throwing
  5730 | D:7      | Noticed a kobold demonologist
  5733 | D:7      | Noticed an orange demon
  5734 | D:7      | Killed a kobold demonologist
  5742 | D:7      | Reached skill level 5 in Throwing
  5744 | D:7      | Noticed a kobold demonologist
  5747 | D:7      | Noticed an ice devil
  5748 | D:7      | Killed a kobold demonologist
  5748 | D:7      | Reached ** piety under Okawaru
  5749 | D:7      | Reached XP level 10. HP: 74/74 MP: 16/16
  5964 | D:7      | Reached skill level 1 in Dodging
  6346 | D:8      | Found a basalt altar of Yredelemnul.
  6370 | D:8      | Reached skill level 1 in Stealth
  6373 | D:8      | Reached skill level 1 in Evocations
  6483 | D:8      | Found a flagged portal.
  6496 | Bailey   | Entered a bailey
  6635 | Bailey   | Noticed an orc knight
  6635 | Bailey   | Noticed an orc knight
  6670 | Bailey   | Banished an orc knight
  6711 | Bailey   | Reached *** piety under Okawaru
  6723 | Bailey   | Identified the +7 plate armour of Zin's Whim {Str+3}
  6734 | Bailey   | Killed an orc knight
  6967 | D:8      | Reached XP level 11. HP: 81/86 MP: 17/17
  7095 | D:8      | Reached **** piety under Okawaru
  7339 | D:8      | Identified the +11 scimitar "Piemn" {spect, rF+ rC- Str+2
                  | SInv}
  7474 | D:8      | Found a hazy altar of Hepliaklqana.
  7903 | D:9      | Noticed Jeremiah
  7911 | D:9      | Killed Jeremiah
  7912 | D:9      | Reached skill level 5 in Armour
  8068 | D:9      | Reached ***** piety under Okawaru
  8444 | D:9      | Found a sacrificial altar of Ru.
  8994 | D:10     | Entered Level 10 of the Dungeon
  9117 | D:10     | Found a sparkling altar of Nemelex Xobeh.
  9323 | D:10     | Noticed a two-headed ogre
  9331 | D:10     | Killed a two-headed ogre
  9331 | D:10     | Received a gift from Okawaru
  9775 | D:11     | Identified 3 scrolls of acquirement
  9779 | D:11     | Noticed a boulder beetle
  9781 | D:11     | Learned a level 5 spell: Freezing Cloud
  9785 | D:11     | Banished a boulder beetle
  9786 | D:11     | Reached skill level 10 in Fighting
  9795 | D:11     | Learned a level 7 spell: Enfeeble
  9810 | D:11     | Noticed a two-headed ogre
  9814 | D:11     | Killed a two-headed ogre
  9815 | D:11     | Reached XP level 12. HP: 97/97 MP: 18/18
  9838 | D:11     | Noticed Josephine
  9854 | D:11     | Killed Josephine
  9855 | D:11     | Reached skill level 10 in Polearms
  9911 | D:11     | Noticed a sixfirhy
  9945 | D:11     | Reached skill level 5 in Invocations
 10108 | D:11     | Found a staircase to the Lair.
 10302 | D:11     | Found Mubben's Pet Rocks.
 10320 | D:11     | Acquired 1021 gold pieces
 10419 | D:12     | Found a runed translucent gate.
 10419 | D:12     | Found a runed translucent gate.
 10419 | D:12     | Found a runed translucent gate.
 10421 | D:12     | Found an opulent altar of Gozag.
 10421 | D:12     | Noticed a sphinx
 10422 | D:12     | Noticed a seven-headed hydra
 10422 | D:12     | Noticed knightboat's ghost (journeyman OnFE)
 10465 | D:12     | Noticed a boulder beetle
 10477 | D:12     | Banished a boulder beetle
 10478 | D:12     | Received a gift from Okawaru
 10485 | D:12     | Found a staircase to the Orcish Mines.
 10490 | D:12     | Noticed a two-headed ogre
 10500 | D:12     | Banished a two-headed ogre
 10501 | D:12     | Reached skill level 5 in Evocations
 10705 | D:12     | Reached XP level 13. HP: 103/103 MP: 19/19
 10932 | D:12     | Acquired a scarf of resistance
 11039 | D:12     | Noticed Nessos
 11048 | D:12     | Killed Nessos
 11204 | D:12     | Noticed Urug
 11213 | D:12     | Killed Urug
 11328 | Orc:1    | Entered Level 1 of the Orcish Mines
 11330 | Orc:1    | Noticed Maurice
 11332 | Orc:1    | Maurice changed into Maurice the swamp drake
 11332 | Orc:1    | Noticed Maurice
 11335 | Orc:1    | Killed Maurice the swamp drake
 11361 | Orc:1    | Noticed Erica
 11372 | Orc:1    | Killed Erica
 11426 | Orc:1    | Noticed Snorg
 11430 | Orc:1    | Banished Snorg
 11540 | Orc:2    | Entered Level 2 of the Orcish Mines
 11540 | Orc:2    | Found a staircase to the Elven Halls.
 11605 | Orc:2    | Found Benos's General Store.
 11640 | Orc:2    | Received a gift from Okawaru
 11685 | Orc:2    | Bought a scroll of revelation for 112 gold pieces
 11790 | Orc:2    | Found Weynarch's Jewellery Shoppe.
 11860 | Orc:2    | Noticed an orc warlord
 11897 | Orc:2    | Banished an orc warlord
 11973 | Orc:2    | Noticed an orc warlord
 11982 | Orc:2    | Found Hadwife's Antique Armour Emporium.
 12011 | Orc:2    | Killed an orc warlord
 12107 | Orc:2    | Bought a shiny kite shield for 172 gold pieces
 12107 | Orc:2    | Bought a transparent chain mail for 218 gold pieces
 12107 | Orc:2    | Identified the +1 chain mail "Inusm" {rPois} (You bought it
                  | in a shop on level 2 of the Orcish Mines)
 12310 | Orc:2    | Gained mutation: Armour fits poorly on your strangely
                  | shaped body. [a neqoxec]
 12311 | Orc:2    | Gained mutation: You possess an exceptional clarity of
                  | mind. [a neqoxec]
 12349 | Orc:2    | Found Ane Hucs's Antique Weapon Boutique.
 12389 | Orc:2    | Reached skill level 10 in Invocations
 12551 | Orc:2    | Lost mutation: Armour fits poorly on your strangely shaped
                  | body. [potion of mutation]
 12551 | Orc:2    | Lost mutation: You possess an exceptional clarity of mind.
                  | [potion of mutation]
 12551 | Orc:2    | Gained mutation: You are robust. (+10% HP) [potion of
                  | mutation]
 12551 | Orc:2    | Gained mutation: Armour fits poorly on your strangely
                  | shaped body. [potion of mutation]
 12551 | Orc:2    | Gained mutation: Your magical capacity is low. (-10% MP)
                  | [potion of mutation]
 12552 | Orc:2    | Lost mutation: Your magical capacity is low. (-10% MP)
                  | [potion of mutation]
 12552 | Orc:2    | Lost mutation: Armour fits poorly on your strangely shaped
                  | body. [potion of mutation]
 12552 | Orc:2    | Gained mutation: You are weak. (Str -2) [potion of
                  | mutation]
 12552 | Orc:2    | Gained mutation: You do not regenerate when monsters are
                  | visible. [potion of mutation]
 12552 | Orc:2    | Gained mutation: You are agile. (Dex +4, Str/Int -1)
                  | [potion of mutation]
 12577 | Orc:2    | Acquired the +0 pair of gloves "Esaiff" {-Tele Rampage rC+
                  | Dex+6}
 12610 | Orc:1    | Received a gift from Okawaru
 12611 | Orc:1    | Reached XP level 14. HP: 124/124 MP: 21/21
 12623 | Orc:1    | Found a bloodstained altar of Trog.
 12869 | Orc:2    | Bought a potion of ambrosia for 120 gold pieces
 12869 | Orc:2    | Bought a potion of curing for 45 gold pieces
 12869 | Orc:2    | Bought a potion of curing for 45 gold pieces
 12869 | Orc:2    | Bought a ring of protection from cold for 375 gold pieces
 12952 | Lair:1   | Entered Level 1 of the Lair of Beasts
 12962 | Lair:1   | Identified the +5 sling of Lagaefin {drain, rElec rPois rN+
                  | Str+4}
 13730 | Lair:1   | Received a gift from Okawaru
 13731 | Lair:1   | Reached skill level 10 in Armour
 13733 | Lair:1   | Reached ****** piety under Okawaru
 13737 | Lair:1   | Acquired the +2 pair of boots of Marbles {Harm Fly MP+9
                  | Int-3}
 13737 | Lair:1   | Received a gift from Okawaru
 13794 | Lair:2   | Acquired a +1 vampiric bardiche
 13794 | Lair:2   | Received a gift from Okawaru
 13972 | Lair:2   | Found a hole to the Spider Nest.
 13979 | Lair:2   | Reached skill level 10 in Shields
 14132 | Lair:2   | Received a gift from Okawaru
 14342 | Lair:2   | Noticed Gastronok
 14352 | Lair:2   | Killed Gastronok
 14592 | Lair:3   | Found a staircase to the Swamp.
 14801 | Lair:3   | Received a gift from Okawaru
 14956 | Lair:3   | Reached XP level 15. HP: 130/130 MP: 22/22
 15141 | Lair:4   | Found a staircase to the Slime Pits.
 15335 | Lair:4   | Received a gift from Okawaru
 15406 | Lair:4   | Identified the +7 great sword "Qaihoe Qamu" {heavy, *Noise
                  | rF++}
 15817 | Lair:5   | Entered Level 5 of the Lair of Beasts
 16087 | Lair:5   | Received a gift from Okawaru
 16088 | Lair:5   | Reached skill level 5 in Dodging
 16182 | Lair:5   | Identified the +6 mace of the Red Skies {protect, +Blink
                  | rCorr Dex-3}
 16316 | Lair:5   | Got an earthy gem with 518 turns to spare
 16622 | Lair:5   | Received a gift from Okawaru
 16629 | Lair:5   | Reached XP level 16. HP: 144/144 MP: 23/23
 17378 | Swamp:1  | Entered Level 1 of the Swamp
 17608 | D:13     | Noticed Frances
 17635 | D:13     | Banished Frances
 17784 | D:13     | Found a frozen archway.
 17802 | IceCv    | Entered an ice cave
 18076 | IceCv    | Noticed a frost giant
 18097 | IceCv    | Killed a frost giant
 18702 | D:13     | Received a gift from Okawaru
 19116 | D:14     | Noticed Agnes
 19121 | D:14     | Banished Agnes
 19122 | D:14     | Reached skill level 15 in Fighting
 19153 | D:14     | Identified the +8 quarterstaff of Zin's Hatred {venom,
                  | *Rage Int+7 Stlth+}
 19505 | D:14     | Reached skill level 10 in Dodging
 19509 | D:14     | Received a gift from Okawaru
 19510 | D:14     | Reached XP level 17. HP: 151/156 MP: 24/24
 19617 | D:14     | Found a gate to the Vaults.
 20106 | D:15     | Entered Level 15 of the Dungeon
 20892 | D:15     | Found a staircase to the Depths.
 21344 | Swamp:1  | Received a gift from Okawaru
 21349 | Swamp:1  | Noticed Roxanne
 21359 | Swamp:1  | Banished Roxanne
 21958 | Swamp:1  | Reached skill level 10 in Evocations
 22648 | Swamp:2  | Received a gift from Okawaru
 23259 | Swamp:3  | Reached XP level 18. HP: 130/166 MP: 27/27
 24146 | Swamp:4  | Entered Level 4 of the Swamp
 24221 | Swamp:4  | Received a gift from Okawaru
 24864 | Arena    | Entered the Arena
 25201 | Swamp:4  | Got a decaying rune of Zot
 25292 | Spider:1 | Entered Level 1 of the Spider Nest
 25305 | Spider:1 | Received a gift from Okawaru
 25503 | Spider:1 | Noticed Jorgrun
 25511 | Arena    | Entered the Arena
 25534 | Spider:1 | Killed Jorgrun
 25547 | Spider:1 | Reached skill level 15 in Shields
 26176 | Spider:1 | Noticed SirDiesAlot's ghost (adept OpAE)
 26205 | Spider:1 | Found a transporter.
 26208 | Spider:1 | Found a transporter.
 26299 | Spider:1 | Reached XP level 19. HP: 172/172 MP: 28/28
 26664 | Spider:2 | Received a gift from Okawaru
 26785 | Spider:2 | Noticed Arachne
 26794 | Spider:2 | Killed Arachne
 27718 | Spider:3 | Identified the serpent talisman of Lies {rN+}
 27718 | Spider:3 | Noticed Aizul
 27729 | Spider:3 | Killed Aizul
 28114 | Spider:4 | Entered Level 4 of the Spider Nest
 28124 | Spider:4 | Noticed Mlioglotl
 28377 | Spider:4 | Reached skill level 15 in Armour
 28663 | Spider:4 | Killed Mlioglotl
 29155 | Spider:4 | Reached skill level 15 in Polearms
 29321 | Spider:4 | Reached XP level 20. HP: 184/184 MP: 29/29
 29543 | Spider:4 | Received a gift from Okawaru
 29632 | Spider:4 | Got a gossamer rune of Zot
 30059 | Vaults:1 | Entered Level 1 of the Vaults
 30060 | Vaults:1 | Acquired 1084 gold pieces
 30149 | Vaults:1 | Found a flickering gateway to a bazaar.
 30165 | Bazaar   | Entered a bazaar
 30169 | Bazaar   | Found Simaoh's Jewellery Boutique.
 30191 | Bazaar   | Found Caviedig's Antique Weapon Emporium.
 30196 | Bazaar   | Bought a crystal shortbow for 216 gold pieces
 30196 | Bazaar   | Identified the +1 shortbow "Jyihafoz" {heavy, Dex+3} (You
                  | bought it in a shop in a bazaar)
 30212 | Bazaar   | Found Zujuco's Book Boutique.
 30232 | Bazaar   | Found Ykloq's Antique Weapon Shoppe.
 30274 | Bazaar   | Bought a manual of Spellcasting for 1200 gold pieces
 30726 | Vaults:1 | Received a gift from Okawaru
 31396 | Vaults:1 | Received a gift from Okawaru
 31717 | Vaults:2 | Reached XP level 21. HP: 175/195 MP: 30/30
 31952 | Vaults:2 | Received a gift from Okawaru
 32188 | Vaults:2 | Noticed a bone dragon
 32201 | Vaults:2 | Killed a bone dragon
 32249 | Vaults:2 | Found a staircase to the Crypt.
 32290 | Vaults:2 | Reached skill level 5 in Stealth
 32451 | Vaults:2 | Received a gift from Okawaru
 32980 | Vaults:2 | Noticed Bai Suzhen
 32986 | Vaults:2 | Banished Bai Suzhen
 33523 | Vaults:3 | Noticed Mara
 33549 | Vaults:3 | Received a gift from Okawaru
 33617 | Vaults:3 | Killed Mara
 33618 | Vaults:3 | Reached XP level 22. HP: 205/205 MP: 31/31
 34041 | Vaults:3 | Noticed Margery
 34052 | Arena    | Entered the Arena
 34057 | Arena    | Killed Margery
 34282 | Vaults:3 | Received a gift from Okawaru
 35151 | Vaults:4 | Found Tiseoxischa's General Store.
 35339 | Vaults:4 | Received a gift from Okawaru
 35410 | Vaults:4 | Found Wetyher's Magic Scroll Shop.
 35417 | Vaults:4 | Bought a scroll of revelation for 105 gold pieces
 35417 | Vaults:4 | Bought a scroll of fear for 56 gold pieces
 35417 | Vaults:4 | Bought a scroll of revelation for 105 gold pieces
 35417 | Vaults:4 | Bought a scroll of identify for 28 gold pieces
 35848 | Vaults:4 | Found Vecs's Book Boutique.
 35857 | Vaults:4 | Bought a book of Battle for 494 gold pieces
 35861 | Vaults:4 | Learned a level 3 spell: Fugue of the Fallen
 36025 | Vaults:4 | Found Gisygh's Antique Armour Boutique.
 36056 | Vaults:4 | Bought a polished chain mail for 389 gold pieces
 36056 | Vaults:4 | Identified the +1 chain mail of Nugump {Str+4 Dex+4} (You
                  | bought it in a shop on level 4 of the Vaults)
 36364 | Elf:1    | Entered Level 1 of the Elven Halls
 36383 | Elf:1    | Found a magical portal.
 36437 | Elf:1    | Reached skill level 5 in Spellcasting
 36514 | WizLab   | Entered Lehudib's Moon Base
 36576 | WizLab   | Found a transporter.
 36607 | WizLab   | Reached XP level 23. HP: 213/213 MP: 32/32
 36631 | WizLab   | Received a gift from Okawaru
 36761 | WizLab   | Gained mutation: You occasionally lose the ability to read
                  | scrolls when taking damage. [a cacodemon]
 36767 | WizLab   | Gained mutation: You are dopey. (Int -2) [a cacodemon]
 37143 | WizLab   | Reached skill level 10 in Spellcasting
 37386 | WizLab   | Found a transporter.
 38070 | WizLab   | Identified the +3 quarterstaff of the Chickpea {venom, rC++
                  | Will++ Str+2}
 38634 | Elf:1    | Received a gift from Okawaru
 38771 | Elf:1    | Reached skill level 1 in Necromancy
 38872 | Elf:1    | Found Cesiuh's Antique Armour Emporium.
 39491 | Elf:2    | Found Jutaub's CLEARANCE SALE!.
 39501 | Elf:2    | Bought a scroll of fear for 12 gold pieces
 39581 | Elf:2    | Found a runed translucent gate.
 39581 | Elf:2    | Found a runed translucent gate.
 39581 | Elf:2    | Found a runed translucent gate.
 39648 | Elf:2    | Reached XP level 24. HP: 221/221 MP: 41/41
 39673 | Elf:2    | Received a gift from Okawaru
 39900 | Elf:2    | Identified the blade talisman of Capoerru {rPois Will-
                  | Int+4}
 40096 | Elf:3    | Entered Level 3 of the Elven Halls
 40285 | Elf:3    | Reached skill level 5 in Necromancy
 40405 | Elf:3    | Found a portal to a secret trove of treasure.
 40777 | Elf:3    | Found the ring of the Octopus King {rF+ HP+2 AC+2 EV+2
                  | SH+2}
 41100 | Elf:3    | Identified the +5 great mace of the Gloaming {flame, rPois
                  | Stlth+}
 41100 | Elf:3    | Identified the ring "Estitiko" {rC+ Will+ Str+6 Int+3 SInv}
 41112 | Elf:3    | Identified the +8 halberd of Vengeance {speed, Int+3}
 41112 | Elf:3    | Noticed Zenata
 41121 | Elf:3    | Killed Zenata
 41150 | Elf:3    | Got Sif Muna's Octavo of the Snake
 41165 | Elf:3    | Identified the +3 flail of War {vamp, *Rage rF+++ rCorr
                  | Str-5}
 41264 | Elf:3    | Identified the +9 rapier of Wyrd {flame, *Noise rF+ rC+
                  | Str+5}
 41648 | Depths:1 | Entered Level 1 of the Depths
 41664 | Depths:1 | Received a gift from Okawaru
 41960 | Depths:1 | Found a gateway to Hell.
 42819 | Depths:2 | Identified the ring of Leaves {rN+ rCorr Str+4 Int+8 Dex-5}
 43007 | Abyss:2  | Cast into level 2 of the Abyss (an occultist)
 43106 | Abyss:2  | Banished Frances
 43139 | Abyss:2  | Reached XP level 25. HP: 77/233 MP: 41/41
 43150 | Depths:2 | Escaped the Abyss
 43484 | Depths:2 | Received a gift from Okawaru
 44584 | Depths:2 | Found a one-way gate leading to the halls of Pandemonium.
 45104 | Depths:3 | Found a one-way gateway to a ziggurat.
 45453 | Depths:3 | Noticed a caustic shrike
 45460 | Depths:3 | Killed a caustic shrike
 45467 | Depths:3 | Reached skill level 10 in Necromancy
 45479 | Depths:3 | Noticed a caustic shrike
 45481 | Depths:3 | Banished a caustic shrike
 45508 | Depths:3 | Received a gift from Okawaru
 45799 | Depths:3 | Found a one-way gate to the infinite horrors of the Abyss.
 46382 | Depths:3 | Reached XP level 26. HP: 144/246 MP: 41/41
 46382 | Depths:4 | Entered Level 4 of the Depths
 46563 | Depths:4 | Lost mutation: You are agile. (Dex +4, Str/Int -1) [potion
                  | of mutation]
 46563 | Depths:4 | Lost mutation: You are dopey. (Int -2) [potion of mutation]
 46563 | Depths:4 | Gained mutation: Potions are less effective at restoring
                  | your health. [potion of mutation]
 46563 | Depths:4 | Gained mutation: Your spells are a little easier to cast,
                  | but a little less powerful. [potion of mutation]
 46563 | Depths:4 | Gained mutation: Your health recovers twice as slowly from
                  | being drained. [potion of mutation]
 46564 | Depths:4 | Lost mutation: Potions are less effective at restoring your
                  | health. [potion of mutation]
 46564 | Depths:4 | Lost mutation: Your health recovers twice as slowly from
                  | being drained. [potion of mutation]
 46564 | Depths:4 | Gained mutation: You are very weak. (Str -4) [potion of
                  | mutation]
 46564 | Depths:4 | Gained mutation: You expend magic power (3 MP) to
                  | strengthen your wands. [potion of mutation]
 46564 | Depths:4 | Lost mutation: You are robust. (+10% HP) [potion of
                  | mutation]
 46564 | Depths:4 | Gained mutation: You possess an exceptional clarity of
                  | mind. [potion of mutation]
 46565 | Depths:4 | Lost mutation: Your spells are a little easier to cast, but
                  | a little less powerful. [potion of mutation]
 46565 | Depths:4 | Lost mutation: You occasionally lose the ability to read
                  | scrolls when taking damage. [potion of mutation]
 46565 | Depths:4 | Lost mutation: You expend magic power (3 MP) to strengthen
                  | your wands. [potion of mutation]
 46565 | Depths:4 | Gained mutation: You are partially covered in iridescent
                  | scales. (AC +2) [potion of mutation]
 46565 | Depths:4 | Gained mutation: Your body sometimes deteriorates upon
                  | taking damage. [potion of mutation]
 46565 | Depths:4 | Gained mutation: You are robust. (+10% HP) [potion of
                  | mutation]
 46566 | Depths:4 | Lost mutation: You are very weak. (Str -4) [potion of
                  | mutation]
 46566 | Depths:4 | Lost mutation: You are partially covered in iridescent
                  | scales. (AC +2) [potion of mutation]
 46566 | Depths:4 | Lost mutation: You are robust. (+10% HP) [potion of
                  | mutation]
 46566 | Depths:4 | Lost mutation: You are weak. (Str -2) [potion of mutation]
 46566 | Depths:4 | Gained mutation: Your spells are a little easier to cast,
                  | but a little less powerful. [potion of mutation]
 46566 | Depths:4 | Gained mutation: You are robust. (+10% HP) [potion of
                  | mutation]
 46566 | Depths:4 | Gained mutation: You are very robust. (+20% HP) [potion of
                  | mutation]
 46648 | Depths:4 | Identified the death talisman "Fecsupoz" {rCorr Dex+3
                  | Stlth+}
 46661 | Depths:4 | Noticed the Enchantress
 46782 | Depths:4 | Killed the Enchantress
 46792 | Depths:4 | Noticed Sojobo
 46895 | Depths:4 | Banished Sojobo
 46968 | Depths:4 | Received a gift from Okawaru
 47771 | Depths:4 | Found a gate to the Realm of Zot.
 47993 | Depths:4 | Identified the +4 morningstar of the Forest {flame, rC-
                  | rCorr Dex+5}
 48708 | D:12     | Banished knightboat's ghost
 48969 | Vaults:5 | Entered Level 5 of the Vaults
 49111 | Vaults:5 | Reached XP level 27. HP: 214/277 MP: 41/41
 49337 | Vaults:5 | Got Sif Muna's Book of Rocky Anemomancy
 49343 | Vaults:5 | Got the Anthology of United Imprecation
 49499 | Vaults:5 | Noticed a dread lich
 49507 | Vaults:5 | Killed a dread lich
 49528 | Vaults:5 | Noticed a dread lich
 49535 | Vaults:5 | Noticed a dread lich
 49588 | Vaults:5 | Killed a dread lich
 49593 | Vaults:5 | Killed a dread lich
 49628 | Vaults:5 | Noticed a dread lich
 49634 | Vaults:5 | Banished a dread lich
 49951 | Vaults:5 | Identified the +1 ring mail of the Moon {Int+3 Stlth+}
 50014 | Vaults:5 | Identified the orb of Osmyng {light, Dex+5 SInv}
 50014 | Vaults:5 | Noticed Frederick
 50031 | Vaults:5 | Killed Frederick
 50301 | Vaults:5 | Noticed a dread lich
 50305 | Vaults:5 | Killed a dread lich
 50416 | Vaults:5 | Got a silver rune of Zot
 50550 | Vaults:5 | Noticed a dread lich
 50560 | Vaults:5 | Received a gift from Okawaru
 50568 | Vaults:5 | Killed a dread lich
 51131 | Crypt:1  | Entered Level 1 of the Crypt
 52064 | Crypt:1  | Found a blossoming altar of Fedhas.
 52574 | Crypt:2  | Reached skill level 15 in Dodging
 52846 | Crypt:2  | Found an ancient bone altar of Kikubaaqudgha.
 53502 | Crypt:3  | Entered Level 3 of the Crypt
 53741 | Crypt:3  | Received a gift from Okawaru
 54124 | Crypt:3  | Found a basalt altar of Yredelemnul.
 54124 | Crypt:3  | Noticed an ancient lich
 54126 | Crypt:3  | Killed an ancient lich
 54315 | Crypt:3  | Received a gift from Okawaru
 54503 | Crypt:3  | Found a staircase to the Tomb.
 54824 | Tomb:1   | Entered Level 1 of the Tomb of the Ancients
 56509 | Tomb:1   | Noticed a royal mummy
 56523 | Tomb:1   | Killed a royal mummy
 57181 | Tomb:1   | Noticed a royal mummy
 57187 | Tomb:1   | Banished a royal mummy
 57359 | Arena    | Entered the Arena
 57363 | Arena    | HP: 10/279 [torment (9)]
 58458 | Zot:1    | Entered Level 1 of the Realm of Zot
 59346 | Zot:1    | Found a huge runed translucent gate.
 59346 | Zot:1    | Found a huge runed translucent gate.
 59346 | Zot:1    | Found a huge runed translucent gate.
 59346 | Zot:1    | Found a huge runed translucent gate.
 59346 | Zot:1    | Found a huge runed translucent gate.
 59346 | Zot:1    | Found a huge runed translucent gate.
 59346 | Zot:1    | Found a huge runed translucent gate.
 59346 | Zot:1    | Found a huge runed translucent gate.
 59346 | Zot:1    | Found a huge runed translucent gate.
 59346 | Zot:1    | Found a huge runed translucent gate.
 59347 | Zot:1    | Found a huge runed translucent gate.
 59347 | Zot:1    | Found a huge runed translucent gate.
 59349 | Zot:1    | Found a huge runed translucent gate.
 59349 | Zot:1    | Found a huge runed translucent gate.
 59355 | Zot:1    | Found a huge runed translucent gate.
 59356 | Zot:1    | Found a huge runed translucent gate.
 59356 | Zot:1    | Found a huge runed translucent gate.
 59358 | Zot:1    | Found a huge runed translucent gate.
 59359 | Zot:1    | Found a huge runed translucent gate.
 59360 | Zot:1    | Found a huge runed translucent gate.
 59361 | Zot:1    | Found a huge runed translucent gate.
 59361 | Zot:1    | Found a huge runed translucent gate.
 59381 | Zot:1    | Found a huge runed translucent gate.
 59382 | Zot:1    | Found a huge runed translucent gate.
 59383 | Zot:1    | Found a huge runed translucent gate.
 59383 | Zot:1    | Found a huge runed translucent gate.
 59615 | Zot:1    | Found a huge runed translucent gate.
 59616 | Zot:1    | Found a huge runed translucent gate.
 59617 | Zot:1    | Found a huge runed translucent gate.
 59618 | Zot:1    | Found a huge runed translucent gate.
 59619 | Zot:1    | Found a huge runed translucent gate.
 59620 | Zot:1    | Found a huge runed translucent gate.
 59621 | Zot:1    | Found a huge runed translucent gate.
 59621 | Zot:1    | Found a huge runed translucent gate.
 59624 | Zot:1    | Found a huge runed translucent gate.
 59627 | Zot:1    | Found a huge runed translucent gate.
 60137 | Zot:1    | Noticed a Killer Klown
 60137 | Zot:1    | Noticed a Killer Klown
 60137 | Zot:1    | Noticed a Killer Klown
 60137 | Zot:1    | Noticed a Killer Klown
 60137 | Zot:1    | Noticed an ancient lich
 60150 | Zot:1    | Killed a Killer Klown
 60169 | Zot:1    | Killed an ancient lich
 60178 | Zot:1    | Killed a Killer Klown
 60186 | Zot:1    | Killed a Killer Klown
 60222 | Zot:1    | Killed a Killer Klown
 60761 | Zot:2    | Found an opulent altar of Gozag.
 60840 | Zot:2    | Identified the +7 scale mail of the Pure Nightcaps {rN+}
 61280 | Zot:2    | Found an opulent altar of Gozag.
 61280 | Zot:2    | Found an opulent altar of Gozag.
 61616 | Zot:2    | Received a gift from Okawaru
 63604 | Zot:3    | Received a gift from Okawaru
 63623 | Zot:3    | Found a runed translucent door.
 63627 | Zot:3    | Noticed Civybe Ogenn's ghost (legendary DsFi)
 63678 | Zot:3    | Killed Civybe Ogenn's ghost
 64125 | Zot:4    | Noticed an orb of fire
 64155 | Zot:4    | Killed an orb of fire
 64471 | Zot:4    | Noticed a Killer Klown
 64471 | Zot:4    | Noticed a Killer Klown
 64480 | Zot:4    | Banished a Killer Klown
 64483 | Zot:4    | Killed a Killer Klown
 64735 | Zot:4    | Identified the +5 scimitar of the Blowfly {freeze, rF+ rC+
                  | Dex-3}
 64999 | Zot:4    | Reached skill level 15 in Invocations
 65057 | Zot:5    | Entered Level 5 of the Realm of Zot
 65629 | Zot:5    | Noticed an ancient lich
 65633 | Zot:5    | Noticed an orb of fire
 65638 | Zot:5    | Noticed a Killer Klown
 65639 | Zot:5    | Noticed a Killer Klown
 65649 | Zot:5    | Noticed a Killer Klown
 65654 | Arena    | Entered the Arena
 65662 | Arena    | Killed an ancient lich
 65685 | Zot:5    | Gained mutation: Your body often deteriorates upon taking
                  | damage. [an orb of fire]
 65702 | Zot:4    | Gained mutation: Your magical capacity is low. (-10% MP)
                  | [an orb of fire]
 65710 | Zot:4    | Banished an orb of fire
 65828 | Zot:4    | Lost mutation: Your spells are a little easier to cast, but
                  | a little less powerful. [potion of mutation]
 65828 | Zot:4    | Lost mutation: Your magical capacity is low. (-10% MP)
                  | [potion of mutation]
 65828 | Zot:4    | Lost mutation: You are very robust. (+20% HP) [potion of
                  | mutation]
 65828 | Zot:4    | Gained mutation: Your magical capacity is low. (-10% MP)
                  | [potion of mutation]
 65828 | Zot:4    | Gained mutation: You occasionally lose the ability to read
                  | scrolls when taking damage. [potion of mutation]
 65828 | Zot:4    | Gained mutation: You have hidden genetic potential. [potion
                  | of mutation]
 65829 | Zot:4    | Lost mutation: You have hidden genetic potential. [potion
                  | of mutation]
 65829 | Zot:4    | Lost mutation: Your body often deteriorates upon taking
                  | damage. [potion of mutation]
 65829 | Zot:4    | Lost mutation: Your body sometimes deteriorates upon taking
                  | damage. [potion of mutation]
 65829 | Zot:4    | Gained mutation: You are somewhat resistant to further
                  | mutation. [potion of mutation]
 65858 | Zot:4    | Reached skill level 15 in Evocations
 66012 | Zot:5    | Killed a Killer Klown
 66014 | Zot:5    | Banished a Killer Klown
 66018 | Zot:5    | Killed a Killer Klown
 66054 | Zot:5    | Noticed an orb of fire
 66083 | Zot:5    | Banished an orb of fire
 66381 | Zot:5    | Reached skill level 15 in Spellcasting
 66384 | Zot:5    | Noticed a Killer Klown
 66393 | Zot:5    | Banished a Killer Klown
 66398 | Zot:5    | Noticed a Killer Klown
 66434 | Zot:5    | Killed a Killer Klown
 66453 | Zot:5    | Noticed an orb of fire
 66468 | Zot:5    | Reached skill level 10 in Stealth
 66479 | Zot:5    | Banished an orb of fire
 66530 | Zot:5    | Noticed an orb of fire
 66553 | Zot:5    | Killed an orb of fire
 66876 | Zot:5    | Got the Orb of Zot
 66890 | Zot:5    | Noticed Bof Huri the pandemonium lord
 66892 | Arena    | Entered the Arena
 66900 | Arena    | Killed Bof Huri the pandemonium lord
 67099 | Zot:1    | Gained mutation: Armour fits poorly on your strangely
                  | shaped body. [a cacodemon]
 67427 | D:13     | Noticed Yjaewuisch the pandemonium lord
 67456 | D:13     | Killed Yjaewuisch the pandemonium lord
 67725 | D:$      | Escaped with the Orb!

Illustrated notes

Levels and vault maps discovered:
D:1:      lightli_iron_boxes, layout_loops_corners, kennysheep_decorative_pillar
D:2:      layout_rooms
D:3:      layout_basic, serial_forest, infiniplex_forest_lined_2,
          infiniplex_forest_clump_C, infiniplex_forest_lined_3,
          infiniplex_forest_split, infiniplex_forest_lined_room_2,
          infiniplex_forest_lined_3, infiniplex_forest_clump_C,
          infiniplex_forest_clump_tiny
D:4:      layout_basic, grunt_temple_overflow_open, patterned_corridor
D:5:      layout_loops_ring, minmay_between
D:6:      layout_cave_pods, mainiacjoe_overflow_alcove_2,
          minmay_temple_entry_slanted, mainiacjoe_ossuary_entry_dusty_tomb,
          uniq_sigmund, uniq_blork_the_orc, uniq_duvessa
D:7:      layout_gridville, dreamdust_wishing_well
D:8:      layout_basic, mainiacjoe_overflow_surrounded_room, enter_bailey_5,
          serial_library_hellmonk_angled_corner,
          hangedman_abyss_or_decor_jellyfish_corner,
          hangedman_abyss_or_decor_passed, roadster_capsule_ark_zombie
D:9:      layout_basic, mainiacjoe_overflow_six_doors_small, nicolae_titane,
          uniq_jeremiah
D:10:     layout_basic, nemelex_diamond_rough_becter
D:11:     layout_cave_pools, erik_lair_orcish_takeover, guppyfry_shop_earth,
          uniq_josephine
D:12:     layout_cave_pods, david_orc_3, ebering_ghost_gozag,
          grunt_decor_one_mirror, nicolae_zig_zag_zippers, uniq_urug,
          uniq_nessos
D:13:     layout_basic, serial_ice, serial_ice_g, serial_ice_a, serial_ice_m,
          serial_ice_h, serial_ice_o, serial_ice_l,
          portal_ice_cave_demonic_guard, minmay_librarian, uniq_frances
D:14:     layout_roguey, david_vaults_2, chequers_big_river, grunt_ministairs_1,
          uniq_agnes
D:15:     grunt_enter_depths_hoard, layout_cave_pods, nicolae_tricolors
Temple:   nicolae_temple_elliptical
Lair:1:   layout_roguey, beast_lair_carwin_8, grunt_megastairs_1
Lair:2:   layout_misc_corridors, nicolae_spider_entry_lesser_pyramids,
          uniq_gastronok
Lair:3:   layout_gridlike, swamp_mist_pool
Lair:4:   layout_concentric_octagons, slime_entry_1, minmay_holes,
          nicolae_quartered_pool_impasse, grunt_megastairs_2
Lair:5:   minmay_lair_end_enchanted_forest, layout_cave_pods,
          nicolae_lair_lil_pond, serial_bayou_lagoon_a, minmay_shattered_shrine
Swamp:1:  layout_basic_swamp, serial_swamp_ruin, evilmike_swamp_ruin_rubble_2,
          evilmike_swamp_ruin_house_1, evilmike_swamp_ruin_house_2,
          nicolae_swamp_decorative_isthmus, uniq_roxanne
Swamp:2:  layout_basic_swamp, hangedman_swamp_diagram, nicolae_swamp_bean_lake,
          swamp_pool_3, cheibrodos_swamp_witchery
Swamp:3:  layout_basic_swamp, evilmike_swamp_ruin_house_3, swamp_pool_3,
          nicolae_swamp_alligator_family, infiniplex_staircase_pool
Swamp:4:  swamp, layout_basic_swamp, swamp_pool_3
Spider:1: layout_spider_delve, gammafunk_ghost_arena,
          nicolae_spider_moth_buddies, uniq_jorgrun
Spider:2: layout_spider_delve, uniq_arachne
Spider:3: layout_spider_delve, nicolae_spider_baby_got_redback, uniq_aizul
Spider:4: floodkiller_spider_rune_tomb, drop_trap, uniq_mlioglotl
Orc:1:    layout_caves, basic_altar, uniq_erica, uniq_maurice, uniq_snorg
Orc:2:    grunt_orc_gardens, layout_caves, grunt_orc_garden, grunt_orc_garden,
          grunt_orc_garden, grunt_orc_garden
Elf:1:    layout_geoelf_octagon, serial_shops, shop, mu_enter_wizlab_2,
          special_room [special_room_orc], nicolae_elf_blasts_and_bolts,
          nicolae_elf_martial_mastery
Elf:2:    elven_hall_of_blades_hangedman_original
          [nicolae_blade_entry_floor_patterns], layout_geoelf_grid,
          nicolae_shop_clearance
Elf:3:    minmay_elf_hall_dome, layout_onion_city, nicolae_trove_entry_columns,
          uniq_zenata
Vaults:1: nicolae_vaults_shrinking_rooms_1, nicolae_vaults_octagons, v_misc_18,
          serial_ice_g, nicolae_vaults_layer_cake_slice,
          nicolae_vaults_mini_display_case, vaults_room_pool,
          layout_vaults_omnigrid, serial_shops, bzr_entry_water
Vaults:2: nicolae_vaults_big_ls, minmay_crypt_entry_nasty_monster,
          nicolae_vaults_quartermaster, serial_library_hellmonk_open_cross,
          ontoclasm_vaults_idyll, vaults_room_door_hall,
          nicolae_vaults_stairing_the_circle, nicolae_vaults_storage_closets_3,
          v_misc_1, v_alt_pattern_2, nicolae_vaults_trapezoid_4, v_misc_25,
          nicolae_vaults_little_squares_6, layout_vaults_maze_bifur,
          uniq_bai_suzhen
Vaults:3: nicolae_vaults_double_plus_2, nicolae_vaults_storage_closets_2,
          nicolae_vaults_sesquioval_fish, nicolae_vaults_weapon_check,
          nicolae_vaults_what_the_h, nicolae_vaults_double_plus_2, v_misc_10,
          vaults_room_semicircle, nicolae_vaults_trapezoid_2,
          ontoclasm_vaults_fault, vaults_mumra_hexcomb, v_misc_17,
          layout_vaults_omnicross, uniq_margery, uniq_mara
Vaults:4: nicolae_vaults_tangram_2, nicolae_vaults_ring_of_whatevers,
          nicolae_vaults_shelves_hall, nicolae_vaults_trapezoid_layered,
          nicolae_vaults_doubleplus_tesselated,
          nicolae_vaults_trapezoid_lopsided_4, nicolae_vaults_six-pack,
          ontoclasm_vaults_idyll, vaults_dpeg_encased_lava, layout_vaults_ring,
          serial_shops, nicolae_lakefront_shop, nicolae_shop_real_fake_doors,
          shop, shop
Vaults:5: serial_shops, uniq_frederick
Crypt:1:  layout_regular_city, nicolae_crypt_fedhas_prevails
Crypt:2:  layout_regular_city, tombwall_bobbens
Crypt:3:  cryptofortress_bobbens
Tomb:1
Depths:1: layout_gridlike, hell_entry, kennysheep_nondescript,
          ebering_dispersal_statue_hall, minmay_crystal_room, minmay_microvault,
          serial_bayou_shore_b
Depths:2: minmay_thinvault, layout_cave_pools, grunt_pan_entry_zigzag,
          hell_entry, infiniplex_staircase_zigzag_5, uniq_josephina
Depths:3: nicolae_legendary_halls, layout_gridlike, enter_ziggurat_f,
          grunt_hell_entry_demonic_statue, hangedman_abyss_entry_splay
Depths:4: grunt_zot_entry_alcove, layout_basic, hell_entry, uniq_sojobo,
          uniq_enchantress
Zot:1:    layout_cathedral_of_symmetry, door_vault
Zot:2:    gammafunk_mikee_crab_dinner, layout_gridlike,
          regret_index_zotdec_split_disrupt,
          regret_index_zotdec_silver_v_v_loose, st_stairs_7
Zot:3:    layout_gridlike, ebering_ghost_reflecting_pool,
          regret_index_zotdec_plus
Zot:4:    cheibrodos_zot_enchanting_chambers, layout_gridlike,
          hangedman_zot_decor_scrapings
Zot:5:    layout_misc_corridors, regret_index_zotdec_carving_tricks,
          nicolae_tricolors

Skill      XL: |  1  2  3  4  5  6  7  8  9 10 11 12 13 14 15 16 17 18 19 20 21 22 23 24 25 26 27 |
---------------+----------------------------------------------------------------------------------+-----
Axes           | 3 4 |  4.1
Shields        | 5 11 13 15 16 19 20 22 | 22.0
Fighting       | 4 5 7 10 11 13 15 16 17 18 19 20 21 22 | 22.0
Polearms       | 2 3 4 6 7 8 9 11 12 13 15 16 19 21 | 21.8
Spellcasting   | 1 2 4 6 14 15 | 15.9
Summonings     | 1 4 |  4.1
Invocations    | 2 6 10 12 16 | 16.5
Throwing       | 6 |  6.1
Dodging        | 3 6 10 11 12 14 22 | 22.0
Stealth        | 3 8 11 | 11.7
Evocations     | 4 5 8 11 16 | 16.8
Armour         | 7 8 11 12 14 15 17 18 20 21 22 | 22.0
Necromancy     | 3 8 11 | 11.3

Action                     |  1- 3 |  4- 6 |  7- 9 | 10-12 | 13-15 | 16-18 | 19-21 | 22-24 | 25-27 || total
---------------------------+-------+-------+-------+-------+-------+-------+-------+-------+-------++-------
  Melee: War axe           |    66 |    81 |       |       |       |       |       |       |       ||   147
         Demon trident     |       |    39 |   163 |   478 |   867 |  1063 |  1271 |  1441 |  3907 ||  9229
  Throw: Boomerang         |       |       |     2 |       |       |       |       |       |       ||     2
         Javelin           |       |       |       |       |       |     1 |       |    13 |       ||    14
         Dart              |       |       |       |       |       |       |     1 |     3 |     5 ||     9
         Throwing net      |       |       |       |       |       |       |       |     1 |       ||     1
   Cast: Fugue of the Fall |       |       |       |       |       |       |       |       |     5 ||     5
 Invoke: Heroism           |       |       |       |     3 |    10 |    12 |    14 |    22 |    58 ||   119
         Receive Weapon    |       |       |       |       |     1 |       |       |       |       ||     1
         Receive Armour    |       |       |       |       |     1 |       |       |       |       ||     1
         Finesse           |       |       |       |       |       |     3 |     2 |     4 |    11 ||    20
         Duel              |       |       |       |       |       |     2 |       |     1 |     3 ||     6
Ability: Dig               |       |       |       |       |     1 |     1 |       |     5 |    10 ||    17
  Evoke: Wand              |       |       |       |     2 |     5 |       |       |       |     2 ||     9
         Lightning rod     |       |       |       |       |       |       |       |     1 |       ||     1
         Tin of tremorston |       |       |       |       |       |       |       |       |     1 ||     1
    Use: Potion            |       |     1 |       |     2 |     3 |     3 |       |     4 |    20 ||    33
         Scroll            |       |       |    10 |    12 |     7 |     3 |     2 |     4 |    11 ||    49
   Stab: Invisible         |       |     1 |       |       |       |       |       |       |    19 ||    20
         Sleeping          |       |       |       |     1 |       |       |       |     1 |       ||     2
         Paralysed         |       |       |       |       |     2 |       |       |       |       ||     2
         Distracted        |       |       |       |       |     3 |       |       |     1 |     3 ||     7
         Confused          |       |       |       |       |       |     1 |       |       |       ||     1
         Held in net/web   |       |       |       |       |       |       |     1 |       |       ||     1
 Armour: Scale mail        |    59 |    67 |    32 |       |       |       |       |       |       ||   158
         Robe              |       |       |    15 |     3 |       |       |       |       |       ||    18
         Steam dragon scal |       |       |       |    11 |       |       |       |       |       ||    11
         Plate armour      |       |       |       |   143 |   122 |   217 |   258 |   150 |    89 ||   979
         Skin              |       |       |       |    20 |       |       |       |       |       ||    20
         Gold dragon scale |       |       |       |       |       |       |       |       |   435 ||   435
  Dodge: Dodged            |    33 |    33 |    21 |   143 |   222 |   287 |   485 |   279 |   848 ||  2351
         Repelled          |       |       |       |       |       |       |       |       |    48 ||    48
  Block: Buckler           |    22 |    23 |    13 |   162 |    27 |       |       |       |       ||   247
         Reflection        |       |       |     1 |     6 |     8 |    42 |    42 |    81 |    62 ||   242
         Kite shield       |       |       |       |       |   414 |   549 |   868 |       |       ||  1831
         Tower shield      |       |       |       |       |       |       |     6 |   862 |  2514 ||  3382

Table legend: (Time is in decaauts)
 A = Elapsed time spent in this place.
 B = Non-inter-level travel time spent in this place.
 C = Inter-level travel time spent in this place.
 D = Time resting spent in this place.
 E = Time spent auto-exploring this place.
 F = Levels seen in this place.
 G = Mean time per level.
                   A        B        C        D        E       F      G
               +--------+--------+--------+--------+--------+-----+--------+
         Total |  64578 |  59910 |   4668 |   5308 |  41167 |  64 | 1009.0 |
       Dungeon |  14597 |  12812 |   1785 |    419 |   9857 |  15 |  973.1 |
        Temple |     46 |      3 |     43 |      0 |      0 |   1 |   46.0 |
          Lair |   4527 |   4093 |    434 |      0 |   3195 |   5 |  905.4 |
         Swamp |   3854 |   3791 |     63 |    573 |   2530 |   4 |  963.5 |
   Spider Nest |   4353 |   4216 |    137 |    556 |   2771 |   4 | 1088.2 |
  Orcish Mines |   1531 |   1401 |    130 |      2 |   1061 |   2 |  765.5 |
   Elven Halls |   3377 |   3165 |    212 |    144 |   2152 |   3 | 1125.7 |
        Vaults |   7860 |   7122 |    738 |    272 |   4966 |   5 | 1572.0 |
         Crypt |   3529 |   3307 |    222 |      0 |   2529 |   3 | 1176.3 |
          Tomb |   3210 |   3185 |     25 |   1476 |   1384 |   1 | 3210.0 |
        Depths |   6628 |   6256 |    372 |    523 |   4503 |   4 | 1657.0 |
           Zot |   8029 |   7527 |    502 |   1268 |   4636 |   5 | 1605.8 |
         Abyss |     66 |     66 |      0 |      0 |      0 |   1 |   66.0 |
        Bazaar |    148 |    148 |      0 |      0 |     85 |   1 |  148.0 |
       Ossuary |    179 |    179 |      0 |      0 |     97 |   1 |  179.0 |
        Bailey |    417 |    417 |      0 |      0 |    253 |   1 |  417.0 |
      Ice Cave |    611 |    611 |      0 |      0 |    397 |   1 |  611.0 |
        Wizlab |   1518 |   1518 |      0 |     74 |    751 |   1 | 1518.0 |
         Arena |     91 |     91 |      0 |      0 |      0 |   6 |   15.2 |
               +--------+--------+--------+--------+--------+-----+--------+

Top non-repeatable levels by time:
  Tomb:1: 3210 daAuts
   Zot:1: 2243 daAuts
Depths:2: 2108 daAuts
Vaults:2: 1851 daAuts
Vaults:5: 1838 daAuts
Depths:4: 1813 daAuts
   Zot:3: 1710 daAuts
Vaults:3: 1610 daAuts
Depths:3: 1589 daAuts
   Zot:2: 1549 daAuts
  WizLab: 1518 daAuts
  Lair:5: 1432 daAuts
   Zot:5: 1426 daAuts
Vaults:1: 1379 daAuts
Spider:3: 1343 daAuts
